 Dungeon Crawl Stone Soup version 0.19.3 (webtiles) character file.

86 Jynx the Firebug (level 4, -1/30 HPs)
             Began as a Demonspawn Fire Elementalist on Jan 22, 2017.
             Slain by Robin
             ... wielding a cursed -3 trident
              (4 damage)
             ... on level 2 of the Dungeon.
             The game lasted 00:05:23 (1907 turns).

Jynx the Firebug (Demonspawn Fire Elementalist)     Turns: 1907, Time: 00:05:24

Health: -1/30      AC:  4    Str:  8    XL:     4   Next: 27%
Magic:  2/8        EV: 12    Int: 17    God:
Gold:   67         SH:  0    Dex: 14    Spells: 3 memorised, 0 levels left

rFire  . . .     SeeInvis .     f - +0 short sword
rCold  . . .     Gourm    .     a - +0 robe
rNeg   + . .     Faith    .     (no shield)
rPois  .         Spirit   .     (no helmet)
rElec  .         Reflect  .     (no cloak)
rCorr  .         Harm     .     (no gloves)
MR     .....                    (no boots)
Stlth  ++........               (no amulet)
                                (no ring)
                                k - ring of positive energy

@: very slightly contaminated
A: talons 1, molten scales 1, rot immunity
a: no special abilities


You were on level 2 of the Dungeon.
You were not hungry.

You visited 1 branch of the dungeon, and saw 2 of its levels.

You collected 67 gold pieces.

Inventory:

Hand Weapons
 f - a +0 short sword (weapon)
Armour
 a - a +0 robe (worn)
Jewellery
 k - a ring of positive energy (left hand)
Scrolls
 e - a scroll of immolation {unknown}
 h - a scroll of noise {unknown}
 j - a scroll of recharging {unknown}
 l - a scroll of teleportation {unknown}
Potions
 d - a potion of resistance
 g - a potion of brilliance {unknown}
 i - a potion of haste {unknown}
Books
 b - a book of Flames

   Spells                             Type                      Level
   a - Flame Tongue                   Conjuration/Fire             1
   b - Throw Flame                    Conjuration/Fire             2
   c - Conjure Flame                  Conjuration/Fire             3
   d - Inner Flame                    Hexes/Fire                   3
   e - Sticky Flame                   Conjuration/Fire             4
   f - Fireball                       Conjuration/Fire             5
Comestibles
 c - 2 bread rations
 n - a beef jerky
 o - a fruit


   Skills:
 + Level 2.2 Dodging
 - Level 1.7 Stealth
 + Level 2.8 Spellcasting
 + Level 1.9 Conjurations
 * Level 3.5 Fire Magic


You couldn't memorise any spells.
You knew the following spells:

 Your Spells              Type           Power        Failure   Level  Hunger
a - Flame Tongue          Conj/Fire      ##...        10%         1    #......
b - Conjure Flame         Conj/Fire      ##......     21%         3    ###....
c - Sticky Flame          Conj/Fire      ##......     71%         4    #####..


Dungeon Overview and Level Annotations

Branches:
Dungeon (2/15)

Altars:

Annotations:
D:2 1 runed door, Robin, Sigmund


Innate Abilities, Weirdness & Mutations

You have sharp toenails.
You are partially covered in molten scales. (AC +2)
You are immune to rotting.


Message History

Robin is moderately wounded.
Robin hits you with a trident.
* * * LOW HITPOINT WARNING * * *
Casting: Flame Tongue
Confirm with . or Enter, or press ? or * to list all spells.
Aiming: Flame Tongue
Press: ? - help, Shift-Dir - straight line, f/p - Robin
Aim: Robin, wielding a trident, wearing a dyed animal skin and wearing a helmet (moderately wounded, unusually resistant)
You miscast Flame Tongue.
You are very lightly contaminated with residual magic.
Your hair stands on end.
The goblin hits you but does no damage.
Casting: Flame Tongue
Confirm with . or Enter, or press ? or * to list all spells.
Aiming: Flame Tongue
Press: ? - help, Shift-Dir - straight line, f/p - Robin
Aim: Robin, wielding a trident, wearing a dyed animal skin and wearing a helmet (moderately wounded, unusually resistant)
The flame tongue hits Robin.
Robin resists.
Robin is heavily wounded.
Robin hits you with a trident.
You die...

...........## .# #
.................##.#
................##..#
...........#...<....#
.........###.#.....##
...........#..##.#####
#......####..........
#..g.g.# #<.###.....
#.))@..####..###†....
#......##...>..'.....
#......##....###.....
#......##....# #.....
#......##....# #.....
#############......#######
#.....
..#..........).....#
#.....
P.)...........######
#..... ..............#
#...##


You could see Robin and a goblin.

Vanquished Creatures
  Ijyb (D:1)
  An adder (D:2)
  An ooze (D:1)
  A worm (D:2)
  A dart slug (D:1)
  2 leopard geckos (D:2)
  2 giant cockroaches
  12 goblins
  2 hobgoblins
  A ball python (D:1)
  5 bats
  2 frilled lizards (D:1)
  8 kobolds
  A rat (D:1)
40 creatures vanquished.

Notes
Turn   | Place    | Note
-------+----------+-------------------------------------------
     0 | D:1      | Jynx the Demonspawn Fire Elementalist began the quest for the Orb.
     0 | D:1      | Reached XP level 1. HP: 13/13 MP: 3/3
   324 | D:1      | Reached skill level 3 in Fire Magic
   324 | D:1      | Gained mutation: You are partially covered in molten scales. (AC +2) [demonic ancestry]
   324 | D:1      | Reached XP level 2. HP: 13/19 MP: 0/5
  1046 | D:2      | Noticed Sigmund
  1058 | D:2      | Gained mutation: You have sharp toenails. [demonic ancestry]
  1058 | D:2      | Reached XP level 3. HP: 24/24 MP: 3/6
  1198 | D:2      | Noticed Ijyb
  1223 | D:1      | Killed Ijyb
  1323 | D:2      | Gained mutation: You are immune to rotting. [demonic ancestry]
  1323 | D:2      | Reached XP level 4. HP: 15/30 MP: 0/7
  1560 | D:2      | Learned a level 3 spell: Conjure Flame
  1565 | D:2      | Learned a level 4 spell: Sticky Flame
  1657 | D:2      | Noticed Robin
  1866 | D:2      | Found a runed door.
  1907 | D:2      | Slain by Robin

Skill      XL: |  1  2 |
---------------+-------+-----
Fire Magic     | 3 |  3.5
Dodging        | 2 |  2.2
Stealth        | |  1.7
Spellcasting   | |  2.8
Conjurations   | |  1.9

Action                   |  1- 3 |  4- 6 || total
-------------------------+-------+-------++-------
Melee: Short sword       |    39 |    12 ||    51
       Kick              |       |     1 ||     1
 Cast: Flame Tongue      |    39 |    21 ||    60
  Eat: Chunk             |     1 |     3 ||     4
Armor: Robe              |    21 |     6 ||    27
Dodge: Dodged            |    23 |    16 ||    39
